 Dungeon Crawl Stone Soup version 0.21.1-1-g345015f (webtiles) character file.

69573 twistedcrescendo the Warrior (level 14, -5/136 HPs)
             Began as a Minotaur Berserker on June 20, 2018.
             Was the Champion of Trog.
             Slain by a spiny frog (14 damage)
             ... on level 6 of the Lair of Beasts.
             The game lasted 02:32:13 (17529 turns).

twistedcrescendo the Warrior (Minotaur Berserker)  Turns: 17529, Time: 02:32:14

Health: -5/136     AC: 28    Str: 22    XL:     14   Next: 90%
Magic:  13/13      EV: 15    Int:  4    God:    Trog [******]
Gold:   2118       SH:  0    Dex: 15    Spells: 13/13 levels left

rFire    + . .     SeeInvis .   M - +4 great mace (protect)
rCold    . . .     Gourm    .   (shield currently unavailable)
rNeg     . . .     Faith    .   N - +1 plate armour {rF+}
rPois    .         Spirit   .   A - +0 hat
rElec    .         Reflect  .   Q - +0 cloak
rCorr    .         Harm     +   (no gloves)
MR       ++++.                  G - +0 pair of boots
Stlth    ..........             S - amulet of harm
HPRegen  1.32/turn              h - ring of protection from magic
MPRegen  0.13/turn              L - ring of flight

@: lethally poisoned (-5 -> -5), protection aura, regenerating, studying Staves
A: retaliatory headbutt, horns 2
a: Berserk, Trog's Hand, Brothers in Arms, Burn Spellbooks, Renounce Religion,
Evoke Flight


You were on level 6 of the Lair of Beasts.
You worshipped Trog.
Trog was exalted by your worship.
You were hungry.

You visited 3 branches of the dungeon, and saw 17 of its levels.
You also visited: Labyrinth, Sewer and Ice Cave.

You collected 2236 gold pieces.
You spent 118 gold pieces at shops.

Inventory:

Hand Weapons
 y - a +4 dire flail
 K - the +3 dire flail "Dacio" {crush, *Drain rF+ rN++}
   (Trog gifted it to you on level 2 of the Orcish Mines)

   It inflicts extra damage upon your enemies.
   It protects you from fire.
   It greatly protects you from negative energy.
   It causes draining when unequipped.
 M - a +4 great mace of protection (weapon)
 W - the +5 eveningstar of Piojo {crush, rC+ Str-5 Dex+5 SInv}
   (Trog gifted it to you on level 2 of the Lair of Beasts)

   It inflicts extra damage upon your enemies.
   It affects your strength (-5).
   It affects your dexterity (+5).
   It protects you from cold.
   It lets you see invisible.
Missiles
 q - 6 javelins of returning (quivered)
Armour
 A - a +0 hat (worn)
 G - a +0 pair of boots (worn)
 N - a +1 plate armour of fire resistance (worn)
 Q - a +0 cloak (worn)
Jewellery
 e - an uncursed amulet of regeneration
 h - a ring of protection from magic (left hand)
 n - an uncursed ring of see invisible
 L - a ring of flight (right hand)
 S - an amulet of harm (around neck)
 T - an uncursed ring of protection from cold
 Z - an uncursed ring of protection from fire
Wands
 k - a wand of clouds (9)
 l - a wand of digging (8)
 B - a wand of polymorph (35)
 C - a wand of disintegration (8)
 D - a wand of acid (9)
 E - a wand of enslavement (7)
 J - a wand of flame (94)
 O - a wand of scattershot (6)
 R - a wand of iceblast (8)
Scrolls
 b - 2 scrolls of fog
 f - 9 scrolls of teleportation
 m - 2 scrolls of fear
 r - 8 scrolls of immolation
 F - 5 scrolls of remove curse
 X - 6 scrolls of identify
 Y - a scroll of holy word
Potions
 a - 3 potions of flight
 d - 2 potions of ambrosia
 g - 6 potions of heal wounds
 j - 2 potions of might
 o - 2 potions of haste
 p - 3 potions of degeneration
 u - 12 potions of curing
 v - 3 potions of lignification
 w - 5 potions of brilliance
 x - a potion of cancellation
 z - 3 potions of magic
 H - 2 potions of agility
 I - a potion of resistance
Books
 V - a manual of Staves
Miscellaneous
 s - a phial of floods
 t - a box of beasts
 P - a fan of gales
Comestibles
 c - 27 rations
 i - 6 chunks of flesh


   Skills:
 + Level 15.9 Fighting
 - Level 14.0(14.6) Maces & Flails
 + Level 7.7(11.8) Staves
 + Level 15.8 Armour
 + Level 14.6 Dodging


You had 13 spell levels left.
You didn't know any spells.

Dungeon Overview and Level Annotations

Branches:
Dungeon (9/15)             Temple (0/1) D:6            Lair (6/6) D:8
 Shoals (0/4) Lair:4        Snake (0/4) Lair:3          Orc (2/2) D:9
    Elf (0/3) Orc:2
  Slime: Lair:5-6

Altars:
Ashenzari
Elyvilon
Hepliaklqana
Ru
Uskayaw
Zin
Beogh

Shops:
D:7 *   Orc:2 *((=:


Innate Abilities, Weirdness & Mutations

You reflexively headbutt those who attack you in melee.
You have a pair of horns on your head.


Message History

The komodo dragon completely misses you.
The blink frog blinks!
Your plate armour prevents you from hitting the komodo dragon.
The spiny frog closely misses you. You furiously retaliate!
You headbutt the spiny frog.
The blink frog blinks!
The komodo dragon bites you.
* * * LOW HITPOINT WARNING * * *
Your plate armour prevents you from hitting the komodo dragon.
Your headbutt misses the komodo dragon.
You feel sick. The spiny frog barely misses you.
You bludgeon the komodo dragon!!
You kill the komodo dragon!
Trog accepts your kill.
You feel sick. The spiny frog stings you!
* * * LOW HITPOINT WARNING * * *
The blink frog blinks!
Your plate armour prevents you from hitting the spiny frog.
The spiny frog is lightly wounded.
You feel sick. The spiny frog stings you!
You die...

##..<#.#.#..P.≈≈.≈P≈≈P≈≈≈≈≈≈##
##....######.....≈≈≈≈≈≈≈≈≈≈####
..#..#..## ##≈...≈≈≈≈≈≈≈≈≈≈≈≈ #
.........# #≈..≈≈≈≈≈≈≈≈≈≈≈≈≈≈≈≈
P.###..#####
#.P..P≈≈≈≈≈≈≈≈≈≈≈.≈≈ #
##.###P###....P≈≈≈≈≈≈≈P≈≈.P≈P
##.....##....≈≈≈≈≈≈≈≈≈
##..PP.......≈F§≈≈≈≈≈
#...P...#..P.@≈≈≈≈≈≈≈
##.)########..≈≈≈≈≈≈≈
#...####...#.PF≈≈≈≈≈
##..#.P...##.≈≈#PP##
#.........#≈≈#####
#....#.#...#####≈≈≈
##..####....#...≈≈≈ #.##
##.#.#.≈..P≈
#...####....#..≈P..


You could see a spiny frog and a blink frog.

Vanquished Creatures
  Rupert (Lair:4)
  A frost giant (IceCv)
  A minotaur (Lab)
  4 ogre magi (Orc:2)
  2 hydras
  16 two-headed ogres
  A death yak (IceCv)
  Sonja (Lair:2)
  An orc knight (Orc:2)
  3 oklob plants (Lair:4)
  Pikel (D:8)
  Maurice (D:9)
  A black mamba (Lair:5)
  Joseph (D:9)
  The ghost of ByGGy the Cudgeler, a novice GrFi of Hepliaklqana (D:6)
  A torpor snail (Lair:4)
  22 spiny frogs
  An ice statue (IceCv)
  3 komodo dragons
  11 rime drakes
  A minotaur zombie (Lab)
  4 trolls
  22 polar bears
  3 tyrant leeches (Lair:6)
  14 blink frogs
  A dream sheep (Lair:4)
  7 hippogriffs
  A human (D:7)
  3 hogs (D:7)
  61 yaks
  Grum (D:9)
  2 basilisks
  8 steam dragons (Lair:3)
  4 hungry ghosts (Lab)
  6 vampire mosquitoes (Lair:6)
  5 wargs
  6 water moccasins
  An acid dragon (Lair:3)
  7 porcupines
  14 orc warriors
  A black bear (Lair:4)
  4 slaves (D:8)
  8 ice beasts (Lair:2)
  6 phantoms
  34 ogres
  33 wolves
  2 centaurs
  2 crocodiles
  3 big kobolds
  19 bullfrogs
  Blork the orc (D:6)
  A water moccasin skeleton (D:8)
  3 scorpions
  6 killer bees (D:9)
  An electric eel (Lair:6)
  3 wights (D:8)
  3 howler monkeys
  6 crimson imps
  2 bullfrog zombies
  2 centaur zombies
  2 hounds
  10 orc priests
  A centaur skeleton (D:6)
  2 iguanas
  15 orc wizards
  6 worker ants
  A killer bee zombie (D:9)
  A hound zombie (D:6)
  16 gnolls
  18 adders
  A river rat (Sewer)
  5 oozes
  10 worms
  A dart slug (D:3)
  8 leopard geckos
  57 orcs
  9 giant cockroaches
  6 goblins
  12 hobgoblins
  21 jackals
  2 quokkas (D:8)
  3 ball pythons
  6 bats
  4 frilled lizards
  24 kobolds
  2 quokka skeletons
  2 quokka zombies
  11 rats
  A bush (D:1)
  A butterfly (Lair:4)
643 creatures vanquished.

Vanquished Creatures (others)
  2 yaks (IceCv)
  2 wolves (IceCv)
  An orc (Orc:1)
  24 fungi
  63 plants
92 creatures vanquished.

Grand Total: 735 creatures vanquished

Notes
Turn   | Place    | Note
-------+----------+-------------------------------------------
     0 | D:1      | twistedcrescendo the Minotaur Berserker began the quest for the Orb.
     0 | D:1      | Reached XP level 1. HP: 19/19 MP: 0/0
   171 | D:1      | Reached XP level 2. HP: 26/27 MP: 1/1
   658 | D:2      | Reached XP level 3. HP: 21/34 MP: 2/2
  1154 | D:2      | Reached ** piety under Trog
  1198 | D:2      | Reached XP level 4. HP: 41/41 MP: 3/3
  1464 | D:3      | Reached skill level 5 in Maces & Flails
  1477 | D:3      | Reached skill level 5 in Fighting
  1760 | D:3      | Reached XP level 5. HP: 47/48 MP: 4/4
  2445 | D:4      | Reached XP level 6. HP: 58/58 MP: 5/5
  2447 | D:4      | Reached *** piety under Trog
  2541 | D:4      | Found a hazy altar of Hepliaklqana.
  2592 | D:4      | Reached XP level 7. HP: 45/66 MP: 6/6
  3200 | D:5      | Entered Level 5 of the Dungeon
  3389 | D:5      | Reached **** piety under Trog
  3410 | D:5      | Reached XP level 8. HP: 64/75 MP: 7/7
  3502 | D:5      | Found a glowing drain.
  3511 | Sewer    | Entered a sewer
  4384 | D:5      | Got a dull robe
  4395 | D:5      | Identified the cursed +0 robe "Uddaav Juimp" {rC+} (You found it on level 5 of the Dungeon)
  4543 | D:5      | Reached ***** piety under Trog
  4639 | D:6      | Found a shattered altar of Ashenzari.
  4756 | D:6      | Reached skill level 10 in Fighting
  4756 | D:6      | Reached skill level 10 in Maces & Flails
  4886 | D:6      | Found a staircase to the Ecumenical Temple.
  5003 | D:6      | Noticed ByGGy's ghost (novice GrFi)
  5010 | D:6      | Killed ByGGy's ghost
  5010 | D:6      | Reached XP level 9. HP: 86/86 MP: 8/8
  5053 | D:6      | Noticed Blork the orc
  5061 | D:6      | Killed Blork the orc
  5290 | D:7      | Received a gift from Trog
  5740 | D:7      | Found Ulyqifory's General Store.
  5947 | D:7      | Identified a scroll of acquirement
  6418 | D:7      | Reached XP level 10. HP: 92/97 MP: 9/9
  6658 | D:8      | Found a sacrificial altar of Ru.
  6709 | D:8      | Found a staircase to the Lair.
  6978 | D:8      | Noticed Pikel
  6984 | D:8      | Killed Pikel
  6984 | D:8      | Reached skill level 5 in Armour
  7205 | D:8      | Noticed a two-headed ogre
  7213 | D:8      | Killed a two-headed ogre
  7213 | D:8      | Reached skill level 5 in Dodging
  7419 | D:9      | Received a gift from Trog
  7694 | D:9      | Noticed Joseph
  7724 | D:9      | Reached XP level 11. HP: 106/106 MP: 10/10
  7729 | D:9      | Killed Joseph
  7821 | D:9      | Noticed Grum
  7832 | D:9      | Killed Grum
  7922 | D:9      | Noticed a two-headed ogre
  7929 | D:9      | Killed a two-headed ogre
  8054 | D:9      | Noticed a two-headed ogre
  8062 | D:9      | Killed a two-headed ogre
  8099 | D:9      | Noticed Maurice
  8109 | D:9      | Killed Maurice
  8664 | D:9      | Found a glowing silver altar of Zin.
  8668 | D:9      | Found a staircase to the Orcish Mines.
  8815 | D:9      | Found a white marble altar of Elyvilon.
  8817 | D:9      | Found a hide-covered altar of Uskayaw.
  9009 | Orc:1    | Entered Level 1 of the Orcish Mines
  9225 | Orc:2    | Entered Level 2 of the Orcish Mines
  9282 | Orc:2    | Noticed an orc knight
  9291 | Orc:2    | Killed an orc knight
  9356 | Orc:2    | Reached ****** piety under Trog
  9356 | Orc:2    | Received a gift from Trog
  9359 | Orc:2    | Got a translucent dire flail {god gift}
  9360 | Orc:2    | Identified the +3 dire flail "Dacio" {crush, *Drain rF+ rN++} (Trog gifted it to you on level 2 of the Orcish Mines)
  9699 | Orc:2    | Found Jaudedi's Book Emporium.
  9737 | Orc:2    | Found a staircase to the Elven Halls.
  9762 | Orc:2    | Noticed a two-headed ogre
  9762 | Orc:2    | Noticed a two-headed ogre
  9763 | Orc:2    | Noticed a two-headed ogre
  9767 | Orc:2    | Noticed a two-headed ogre
  9778 | Orc:2    | Noticed a two-headed ogre
  9783 | Orc:2    | Noticed a two-headed ogre
  9785 | Orc:2    | Noticed a two-headed ogre
  9790 | Orc:2    | Noticed a two-headed ogre
  9791 | Orc:2    | Noticed a two-headed ogre
  9837 | Orc:1    | Killed a two-headed ogre
  9839 | Orc:1    | Killed a two-headed ogre
  9839 | Orc:1    | Reached skill level 10 in Armour
  9883 | Orc:1    | Killed a two-headed ogre
  9883 | Orc:1    | Reached XP level 12. HP: 60/115 MP: 11/11
  9884 | Orc:1    | Killed a two-headed ogre
  9944 | Orc:2    | Killed a two-headed ogre
  9946 | Orc:2    | Killed a two-headed ogre
  9950 | Orc:2    | Killed a two-headed ogre
  9953 | Orc:2    | Reached skill level 10 in Dodging
  9957 | Orc:2    | Killed a two-headed ogre
 10262 | Orc:2    | Noticed a two-headed ogre
 10266 | Orc:2    | Noticed an ogre mage
 10269 | Orc:2    | Killed a two-headed ogre
 10272 | Orc:2    | Killed an ogre mage
 10274 | Orc:2    | Noticed an ogre mage
 10276 | Orc:2    | Noticed a two-headed ogre
 10280 | Orc:2    | Noticed an ogre mage
 10285 | Orc:2    | Killed a two-headed ogre
 10288 | Orc:2    | Killed a two-headed ogre
 10290 | Orc:2    | Killed an ogre mage
 10302 | Orc:2    | Killed an ogre mage
 10350 | Orc:2    | Noticed an ogre mage
 10361 | Orc:2    | Killed an ogre mage
 10374 | Orc:2    | Found Lenguac's General Store.
 10378 | Orc:2    | Found Lexzagg's Weapon Emporium.
 10383 | Orc:2    | Found Mylan's Weapon Emporium.
 10383 | Orc:2    | Found Xufid's Jewellery Shop.
 10392 | Orc:2    | Bought a cursed ring of teleportation for 67 gold pieces
 10638 | Orc:1    | Received a gift from Trog
 10665 | Orc:1    | Reached XP level 13. HP: 79/125 MP: 12/12
 10719 | Orc:1    | Found a roughly hewn altar of Beogh.
 11026 | Orc:2    | Bought a scroll of teleportation for 51 gold pieces
 11161 | Lair:1   | Entered Level 1 of the Lair of Beasts
 11447 | Lair:2   | Found a frozen archway.
 11483 | IceCv    | Entered an ice cave
 11736 | IceCv    | Got a crystal rapier
 12117 | IceCv    | Noticed a frost giant
 12127 | IceCv    | Reached skill level 15 in Fighting
 12135 | IceCv    | Killed a frost giant
 12354 | Lair:2   | Received a gift from Trog
 12355 | Lair:2   | Got a shimmering eveningstar {god gift}
 12356 | Lair:2   | Identified the +5 eveningstar of Piojo {crush, rC+ Str-5 Dex+5 SInv} (Trog gifted it to you on level 2 of the Lair of Beasts)
 12479 | Lair:2   | Noticed Sonja
 12495 | Lair:2   | Killed Sonja
 13045 | Lair:3   | Found a staircase to the Snake Pit.
 13469 | Lair:3   | Reached skill level 1 in Staves
 13474 | Lair:3   | Reached XP level 14. HP: 112/135 MP: 13/13
 13998 | Lair:4   | Found a staircase to the Shoals.
 14258 | Lair:4   | Noticed Rupert
 14273 | Lair:4   | Killed Rupert
 15069 | Lair:5   | Found a labyrinth entrance.
 15080 | Lab      | Entered a labyrinth
 15394 | Lab      | Identified the Papyrus of Orientation and Poison
 15694 | Lair:5   | Reached skill level 5 in Staves
 15694 | Lair:5   | Reached skill level 15 in Armour
 15753 | Lair:5   | Received a gift from Trog
 16416 | Lair:6   | Entered Level 6 of the Lair of Beasts
 17385 | Lair:6   | Received a gift from Trog
 17529 | Lair:6   | Slain by a spiny frog

Skill      XL: |  1  2  3  4  5  6  7  8  9 10 11 12 13 14 |
---------------+-------------------------------------------+-----
Fighting       | 4 5 6 7 8 10 12 13 14 15 | 15.9
Maces & Flails | 4 5 6 7 8 10 12 13 14 | 14.0
Armour         | 3 7 10 12 14 15 | 15.8
Dodging        | 3 6 9 11 13 14 | 14.6
Staves         | 1 7 |  7.7

Action                   |  1- 3 |  4- 6 |  7- 9 | 10-12 | 13-15 || total
-------------------------+-------+-------+-------+-------+-------++-------
Melee: Mace              |   106 |   118 |    32 |       |       ||   256
       Headbutt          |    20 |    22 |    72 |    83 |   174 ||   371
       Flail             |       |       |   345 |    39 |       ||   384
       Dire flail        |       |       |       |   160 |       ||   160
       Great mace        |       |       |       |   257 |   717 ||   974
Throw: Javelin           |       |       |       |     8 |     5 ||    13
Invok: Berserk           |       |     2 |     2 |     9 |    11 ||    24
       Trog's Hand       |       |     2 |     1 |     7 |     8 ||    18
       Burn Spellbooks   |       |       |       |       |     2 ||     2
 Abil: Evoke Flight      |       |       |       |       |     1 ||     1
  Use: Potion            |     5 |       |       |       |     3 ||     8
       Scroll            |       |     3 |    15 |     8 |     4 ||    30
  Eat: Chunk             |     1 |     6 |    16 |    25 |    23 ||    71
       Ration            |       |       |       |       |     6 ||     6
Armor: Scale mail        |    36 |    60 |    99 |       |       ||   195
       Animal skin       |     1 |       |       |       |       ||     1
       Robe              |       |       |     3 |       |       ||     3
       Ring mail         |       |       |    37 |    80 |       ||   117
       Plate armour      |       |       |       |   138 |   549 ||   687
Dodge: Dodged            |    51 |    69 |   168 |   394 |   658 ||  1340
